 Dungeon Crawl Stone Soup version 0.29.1-15-g9cfb28693d (webtiles) character file.

Game seed: 3215018336510538289

487 hawla the Twirler (level 7, -7/50 HPs)
             Began as a Meteoran Fire Elementalist on Apr 22, 2023.
             Mangled by a mummy (14 damage)
             ... in an ossuary.
             The game lasted 00:06:52 (1315 turns).

hawla the Twirler (Meteoran Fire Elementalist)      Turns: 1315, Time: 00:06:52

Health: -7/50      AC:  3    Str: 10    XL:     7   Next: 63%
Magic:  5/12       EV: 16    Int: 19    God:
Gold:   182        SH:  0    Dex: 14    Spells: 4/11 levels left

rFire   . . .      SeeInvis .   g - +7 quarterstaff (spect)
rCold   + . .      Faith    .   (shield currently unavailable)
rNeg    . . .      Spirit   .   a - +0 robe
rPois   .          Reflect  .   (no helmet)
rElec   .          Harm     .   (no cloak)
rCorr   .          Rampage  .   (no gloves)
Will    .....                   d - +0 pair of boots
Stlth   +.........              (no amulet)
HPRegen 0.16/turn               j - +4 ring of evasion
MPRegen 0.13/turn               b - ring of protection from cold

@: brilliant, glowing
A: sense surroundings 1, otherworldly, glowing, explore regen
a: no special abilities


You were in an ossuary.
You visited 1 branch of the dungeon, and saw 4 of its levels.
You also visited: Ossuary.

You collected 182 gold pieces.

Inventory:

Hand Weapons
 g - a +7 spectral quarterstaff (weapon)
Armour
 a - a +0 robe (worn)
 d - a +0 pair of boots (worn)
Magical Staves
 f - a staff of death
Jewellery
 b - a ring of protection from cold (right hand)
 j - a +4 ring of evasion (left hand)
Scrolls
 e - 3 scrolls of teleportation
 h - 3 scrolls of identify
Potions
 c - a potion of brilliance
 i - a potion of lignification {unknown}
 k - a potion of haste {unknown}
 l - a potion of mutation {unknown}


   Skills:
 - Level 7.1 Staves
 - Level 2.6 Dodging
 - Level 1.4 Stealth
 - Level 2.6 Spellcasting
 - Level 1.2 Conjurations
 + Level 2.6 Necromancy
 - Level 3.7 Fire Magic
 + Level 2.9 Evocations


You had 4 spell levels left.
You knew the following spells:

 Your Spells              Type           Power      Damage    Failure   Level
a - Foxfire               Conj/Fire      68%        2x1d7     6%          1
b - Scorch                Fire           48%        2d7       5%          2
c - Flame Wave            Conj/Fire      17%        2d7       50%         4

Your spell library contained the following spells:

 Spells                   Type           Power      Damage    Failure   Level
 Conjure Flame            Conj/Fire      17%        6-21      17%         3
 Inner Flame              Hex/Fire       14%        N/A       22%         3


Dungeon Overview and Level Annotations

Branches:
Dungeon (4/15) Zot: 1231  Ossuary (1/1) Zot: 462
 Temple: D:4-7

Altars:
Elyvilon

Shops:
D:3 [   D:4 [:

Annotations:
Ossuary Menkaure


Innate Abilities, Weirdness & Mutations

You passively map a small area around you.
You are easily found by Zot.
You glow in the dark.
You regain HP and MP as you explore.


Message History

The flame wave engulfs your foxfire.
Your foxfire completely resists.
The flame wave engulfs your foxfire.
Your foxfire completely resists. (Press . to intensify the flame waves.)
The foxfire hits Menkaure.
Menkaure is burned terribly!
Menkaure is heavily damaged.
The foxfire hits Menkaure.
Menkaure is heavily damaged.
An ogre zombie comes into view.
Menkaure barely misses you.
A wave of flame ripples out!
The flame wave engulfs Menkaure.
Menkaure is burned terribly!
Menkaure is severely damaged.
The flame wave engulfs the mummy.
The mummy is burned terribly!
The mummy is moderately damaged.
The flame wave engulfs the mummy!
The mummy is burned terribly!
The mummy is moderately damaged.
The flame wave engulfs the mummy!
The mummy is burned terribly!
The mummy is moderately damaged.
The mummy hits you!!
A wave of flame ripples out!
The flame wave engulfs Menkaure.
Menkaure is severely damaged.
The flame wave engulfs the mummy!
The mummy is burned terribly!
The mummy is almost destroyed.
The flame wave engulfs the mummy.
The mummy is burned terribly!
The mummy is heavily damaged.
The flame wave engulfs the mummy!
The mummy is burned terribly!
The mummy is almost destroyed.
The flame wave engulfs the mummy.
The mummy is burned terribly!
The mummy is moderately damaged.
You finish channelling waves of flame.
Menkaure gestures at you while chanting.
Pain shoots through your body! The mummy hits you!
* * * LOW HITPOINT WARNING * * *
It was a potion of brilliance.
You feel clever all of a sudden.
Menkaure sighs, "It doesn't hurt if you pull your brain out of your nose yourself."
Menkaure completely misses you. The mummy hits you!
You die...

.###....#, , *
.#.#....#...........
.#.'........??!....
.'.#....#..!!$??..., ,
.########..?$∩$?..######
,
.#.#....#..?!$!!.Z.....+
.#.#....#...!!!MM......#
*
.'.'....#......MM......#
.###...........M@......#
*
.#.######....#...'..####
.#.#....#....#.........#
.'.#....#....#....#....#
,
.###....#....#....#....#
.#.#....#....#....# ...#
.#.###'####'##'#### ###
.#...#...#...#...# , ,
.###'###'###'###'###+###


You could see Menkaure, 4 mummies and an ogre zombie.

Vanquished Creatures
  Grinder (D:3)
  A scorpion (D:4)
  A centaur zombie (Ossuary)
  A human zombie (Ossuary)
  A hound (D:4)
  Terence (D:3)
  2 ogre zombies (Ossuary)
  A mummy (Ossuary)
  An adder (D:4)
  An ufetubus (D:4)
  An adder zombie (Ossuary)
  A worm (D:3)
  4 dart slugs
  An orc (D:4)
  4 ball pythons
  2 bats
  3 endoplasms
  3 giant cockroaches
  7 goblins
  4 hobgoblins
  A quokka (D:3)
  3 frilled lizards
  A goblin zombie (Ossuary)
  3 kobolds
  2 kobold zombies (Ossuary)
  2 quokka zombies (Ossuary)
  2 rats
  3 rat zombies (Ossuary)
58 creatures vanquished.

Vanquished Creatures (others)
  83 foxfires
83 creatures vanquished.

Grand Total: 141 creatures vanquished

Notes
Turn   | Place    | Note
-------+----------+-------------------------------------------
     0 | D:1      | hawla the Meteoran Fire Elementalist began the quest for
                  | the Orb.
     0 | D:1      | Reached XP level 1. HP: 14/14 MP: 5/5
    95 | D:1      | Found a faded altar of an unknown god.
   116 | D:1      | Reached XP level 2. HP: 16/20 MP: 0/6
   119 | D:1      | Reached skill level 1 in Evocations
   236 | D:2      | Learned a level 2 spell: Scorch
   284 | D:2      | Reached skill level 1 in Staves
   417 | D:3      | Reached XP level 3. HP: 26/26 MP: 5/8
   417 | D:3      | Noticed Grinder
   430 | D:3      | Killed Grinder
   431 | D:3      | Reached skill level 6 in Staves
   431 | D:3      | Reached XP level 4. HP: 21/33 MP: 2/9
   431 | D:3      | Reached XP level 5. HP: 24/38 MP: 2/10
   431 | D:3      | Reached XP level 6. HP: 29/45 MP: 2/11
   549 | D:3      | Noticed Terence
   556 | D:3      | Killed Terence
   865 | D:3      | Found Hatsac's Antique Armour Shop.
   912 | D:4      | Found Rur Isao's Armour Boutique.
   961 | D:4      | Reached skill level 7 in Staves
   961 | D:4      | Reached XP level 7. HP: 50/50 MP: 4/12
   977 | D:4      | Learned a level 4 spell: Flame Wave
   990 | D:4      | Found a white marble altar of Elyvilon.
   996 | D:4      | Reached skill level 1 in Necromancy
  1038 | D:4      | Found Quissoc's Book Emporium.
  1172 | D:4      | Found a sand-covered staircase.
  1177 | Ossuary  | Entered an ossuary
  1308 | Ossuary  | Noticed Menkaure
  1315 | Ossuary  | Mangled by a mummy

Illustrated notes

Levels and vault maps discovered:
D:1:      lightli_arrival_lavapool, layout_basic,
          dreamdust_ecumenical_altar_angels_and_demons
D:2:      layout_basic, kennysheep_generic_room_6
D:3:      layout_rooms, serial_shops, nicolae_shop_overgrown_old_shop,
          uniq_grinder, uniq_terence
D:4:      layout_cave_pools, elyvilon_altar_5, kennysheep_mini,
          minmay_temple_entry_fiery, serial_shops, shop, shop, enter_ossuary_5,
          hangedman_glass_teeth
Ossuary:  ossuary_boxes_badplayer

Skill      XL: |  1  2  3  4  5  6  7 |
---------------+----------------------+-----
Evocations     | 1 2 |  2.9
Staves         | 1 6 7 |  7.1
Necromancy     | 2 |  2.6
Dodging        | |  2.6
Stealth        | |  1.4
Spellcasting   | |  2.6
Conjurations   | |  1.2
Fire Magic     | |  3.7

Action                   |  1- 3 |  4- 6 |  7- 9 || total
-------------------------+-------+-------+-------++-------
Melee: Staff             |     6 |    59 |       ||    65
       Quarterstaff      |       |       |    32 ||    32
 Cast: Foxfire           |    26 |    19 |     4 ||    49
       Scorch            |     6 |     8 |     1 ||    15
       Flame Wave        |       |       |     1 ||     1
  Use: Scroll            |     1 |     2 |       ||     3
       Potion            |     2 |       |     1 ||     3
 Stab: Sleeping          |       |     1 |       ||     1
       Distracted        |       |       |     1 ||     1
Armor: Robe              |     3 |     9 |       ||    12
Dodge: Dodged            |     4 |    41 |    18 ||    63
